 Dungeon Crawl Stone Soup version 0.28.0-53-g5a82cb258f (console) character file.

Game seed: 9080354034565239632

114 Faeu the Skirmisher (level 4, -2/42 HPs)
             Began as a Minotaur Berserker on May 24, 2022.
             Was a Believer of Trog.
             Slain by a gnoll
             ... wielding a +0 flail
              (12 damage)
             ... on level 3 of the Dungeon.
             The game lasted 00:04:06 (2608 turns).

Faeu the Skirmisher (Minotaur Berserker)            Turns: 2608, Time: 00:04:06

Health: -2/42      AC:  2    Str: 24    XL:     4   Next: 67%
Magic:  3/3        EV: 12    Int:  4    God:    Trog [**....]
Gold:   63         SH:  0    Dex:  9    Spells: 3/3 levels left

rFire   . . .      SeeInvis .   a - +0 hand axe {axe}
rCold   . . .      Faith    .   (no shield)
rNeg    . . .      Spirit   .   b - +0 animal skin
rPois   .          Reflect  .   (helmet restricted)
rElec   .          Harm     .   (no cloak)
rCorr   .          Rampage  .   (no gloves)
Will    .....                   (no boots)
Stlth   +.........              (no amulet)
HPRegen 0.14/turn               (no ring)
MPRegen 0.08/turn               (no ring)

@: no status effects
A: horns 2, retaliatory headbutt
a: Renounce Religion, Berserk, Trog's Hand


You were on level 3 of the Dungeon.
You worshipped Trog.
Trog was pleased with you.
You visited 1 branch of the dungeon, and saw 3 of its levels.

You collected 63 gold pieces.


Innate Abilities, Weirdness & Mutations

You have a pair of horns on your head.
You reflexively headbutt those who attack you in melee.


   Skills:
 + Level 5.3 Fighting
 + Level 5.3 Axes
 - Level 2.4 Armour
 - Level 2.1 Dodging


You had 3 spell levels left.
You didn't know any spells.
Your spell library was empty.

Inventory:

Hand Weapons
 a - a +0 hand axe (weapon) {axe}
Armour
 b - a +0 animal skin (worn)
Scrolls
 c - 3 scrolls of identify {unknown}
 e - a scroll of fog {unknown}
 f - a scroll of teleportation {unknown}
 g - a scroll of fear {unknown}
Potions
 d - a potion of haste {unknown}

Dungeon Overview and Level Annotations

Branches:
Dungeon (3/15)

Altars:
Ru

Shops:
D:2

* ####### # #.....# #.
##.###.#
#.###....#.##############.#
.........#.....g@(.........
...<.....#..###############
.........#..# .........#..#
.........#..# ..........g.#
..............
####....g.......
#..............
#.g>...........
..g............


You could see a gnoll.


Message History

There is a stone staircase leading up here.
A ball python comes into view.
The ball python hisses angrily.
You barely miss the ball python. The ball python barely misses you.
You furiously retaliate!
You headbutt the ball python!
You kill the ball python!
Trog accepts your kill.
You see here a ball python corpse.
A rat comes into view.
A rat is nearby!
A rat is nearby!
The rat closely misses you.
A rat is nearby!
You hit the rat. The rat bites you. 😕 HP[-1]
You take 1 damage, and now have 41/42 hp.
A rat is nearby!
You hit the rat.
You kill the rat!
Trog accepts your kill.
A ball python comes into view.
The ball python hisses angrily. 😎 HP[+1]
A ball python is nearby!
A ball python is nearby!
An adder comes into view.
The adder hisses angrily.
The ball python closely misses you. The ball python barely misses you.
The ball python bites you.
The ball python closely misses you. 😕 HP[-1]
You take 1 damage, and now have 41/42 hp.
There are monsters nearby!
You hit the ball python.
You kill the ball python!
Trog accepts your kill.
An adder is nearby!
You see here a ball python corpse.
An adder is nearby!
The adder bites you but does no damage.
An adder is nearby!
You closely miss the adder. Your headbutt misses the adder.
The adder misses you. The adder completely misses you.
An adder is nearby!
You closely miss the adder. You headbutt the adder.
The adder bites you but does no damage.
An adder is nearby!
You barely miss the adder. You headbutt the adder.
You kill the adder!
Trog accepts your kill.
Done exploring.
No target in view!
Done exploring.
No target in view! 😎 HP[+1] Done exploring.
No target in view!
Done exploring.
No target in view!
(D) Dungeon
Where to? (Enter - D:2, ? - help)
There is a stone staircase leading down here.
You climb downwards.
There is a stone staircase leading up here.
A gnoll comes into view. It is wielding a +0 halberd.
The gnoll shouts!
A gnoll comes into view. It is wielding a +0 spear.
The gnoll shouts!
A gnoll comes into view. It is wielding a +0 flail.
You see here 13 stones {throwing}.
The gnoll closely misses you. You furiously retaliate!
You headbutt the gnoll, but do no damage.
You see here 13 stones {throwing}.
You hit the gnoll.
The gnoll hits you with a +0 halberd. 😕 HP[-5]
You take 5 damage, and now have 37/42 hp.
You closely miss the gnoll. You headbutt the gnoll!
The gnoll hits you but does no damage. The gnoll barely misses you.
You furiously retaliate!
You headbutt the gnoll!
You kill the gnoll!
Trog accepts your kill. The gnoll barely misses you.
Things that are here:
a +0 halberd {polearm}; a gnoll corpse The gnoll shouts!
You hit the gnoll but do no damage. Your headbutt misses the gnoll.
The gnoll hits you with a +0 spear! 😮 HP[-7]
You take 7 damage, and now have 30/42 hp.
You slash the gnoll! The gnoll barely misses you.
You hit the gnoll. Your headbutt misses the gnoll. The gnoll barely misses you.
You hit the gnoll.
You kill the gnoll!
Trog accepts your kill. 😮 HP[+1]
You hit the gnoll. You headbutt the gnoll.
The gnoll hits you with a +0 flail! 😮 HP[-9]
You take 9 damage, and now have 22/42 hp.
MASSIVE DAMAGE!! (PAUSE)
You barely miss the gnoll. The gnoll hits you with a +0 flail!
* * * LOW HITPOINT WARNING * * *
You hit the gnoll. The gnoll hits you with a +0 flail!
You die...

Skill      XL: |  1  2  3 |
---------------+----------+-----
Fighting       | 4 5 |  5.3
Axes           | 4 5 |  5.3
Armour         | |  2.4
Dodging        | |  2.1

Action                   |  1- 3 |  4- 6 || total
-------------------------+-------+-------++-------
Melee: Hand axe          |   100 |    26 ||   126
       Headbutt          |     8 |     5 ||    13
       Punch             |     1 |       ||     1
Invok: Berserk           |     1 |       ||     1
 Stab: Sleeping          |     1 |     1 ||     2
Armor: Animal skin       |     9 |     3 ||    12
Dodge: Dodged            |    59 |    16 ||    75

Levels and vault maps discovered:
D:1:      lightli_arrival_noodles, layout_basic, nicolae_ecumenical_lake_church,
          dk_noncrumbling_2
D:2:      layout_loops_cross, basic_altar, serial_shops,
          nicolae_shop_advertising_works [nicolae_subvault_shop_adworks],
          kennysheep_generic_room_13
D:3:      layout_basic, gammafunk_temple_overflow_wave, serial_shops,
          nicolae_shop_behind_doors

Notes
Turn   | Place    | Note
-------+----------+-------------------------------------------
     0 | D:1      | Faeu the Minotaur Berserker began the quest for the Orb.
     0 | D:1      | Reached XP level 1. HP: 19/19 MP: 0/0
     0 | D:1      | magus.rc [v1.9.6]
   311 | D:1      | Reached skill level 4 in Fighting
   311 | D:1      | Reached skill level 4 in Axes
   311 | D:1      | Reached XP level 2. HP: 27/27 MP: 1/1
  1297 | D:1      | Found a faded altar of an unknown god.
  1375 | D:1      | Reached XP level 3. HP: 34/34 MP: 2/2
  1591 | D:2      | Reached ** piety under Trog
  1627 | D:2      | Found Appyicyfye's Assorted Antiques.
  1907 | D:2      | Found a sacrificial altar of Ru.
  1953 | D:2      | Reached skill level 5 in Fighting
  1953 | D:2      | Reached skill level 5 in Axes
  1953 | D:2      | Reached XP level 4. HP: 29/42 MP: 3/3
  2607 | D:3      | HP: 10/42 [gnoll/+0 flail (12)]
  2608 | D:3      | Slain by a gnoll

Vanquished Creatures
  2 gnolls (D:3)
  4 adders (D:2)
  A worm (D:2)
  2 dart slugs (D:1)
  4 endoplasms
  3 giant cockroaches
  4 goblins (D:1)
  6 hobgoblins
  3 quokkas
  7 ball pythons
  4 frilled lizards
  7 kobolds
  5 rats (D:2)
52 creatures vanquished.

Table legend:
 A = Non-vault XP
 B = Vault XP
 C = Vault XP percentage of total XP
 D = Non-vault monster count
 E = Vault monster count
 F = Vault count percentage of total count
                 A         B        C        D         E       F
            +---------+---------+-------+---------+---------+-------
      Total |     162 |       2 |   1.2 |      51 |       1 |   1.9
            +---------+---------+-------+---------+---------+-------
        D:1 |      43 |       0 |   0.0 |      23 |       0 |   0.0
        D:2 |      90 |       2 |   2.2 |      26 |       1 |   3.7
        D:3 |      29 |       0 |   0.0 |       2 |       0 |   0.0
            +---------+---------+-------+---------+---------+-------

Illustrated notes

Table legend:
 A = Kills in this place as a percentage of kills in entire the game.
 B = Kills by you in this place as a percentage of kills by you in the entire game.
 C = Kills by friends in this place as a percentage of kills by friends in the entire game.
 D = Other kills in this place as a percentage of other kills in the entire game.
 E = Experience gained in this place as a percentage of experience gained in the entire game.
 F = Experience gained in this place divided by the number of levels of this place that you have seen.
                   A       B       C       D       E      F
               +-------+-------+-------+-------+-------+----------------------
         Total | 100.0 | 100.0 |   N/A |   N/A | 100.0 |  54.7
       Dungeon | 100.0 | 100.0 |   N/A |   N/A | 100.0 |  54.7
               +-------+-------+-------+-------+-------+----------------------

Table legend: (Time is in decaauts)
 A = Elapsed time spent in this place.
 B = Non-inter-level travel time spent in this place.
 C = Inter-level travel time spent in this place.
 D = Time resting spent in this place.
 E = Time spent auto-exploring this place.
 F = Levels seen in this place.
 G = Mean time per level.
                   A        B        C        D        E       F      G
               +--------+--------+--------+--------+--------+-----+--------+
         Total |   2631 |   2587 |     44 |    181 |   1804 |   3 |  877.0 |
       Dungeon |   2631 |   2587 |     44 |    181 |   1804 |   3 |  877.0 |
               +--------+--------+--------+--------+--------+-----+--------+

Top non-repeatable levels by time:
     D:1: 1562 daAuts
     D:2: 1030 daAuts
     D:3: 38 daAuts
